 Dungeon Sprint DCSS version 0.16-a0-3803-gd4b2de5 (webtiles) character file.

2100000 PolkaDot the Conqueror (level 17, -53/191 HPs)
             Began as a Grey Draconian Assassin on Jan 26, 2015.
             Was a High Priest of Makhleb.
             Annihilated by a meat berserker
             ... wielding a +9 battleaxe
              (84 damage)
             ... in the Dungeon (Sprint VIII: "Arena of Blood").
             The game lasted 00:01:15 (21 turns).

PolkaDot the Conqueror (Grey Draconian Assassin)      Turns: 21, Time: 00:01:16

Health: -53/191    AC: 15    Str: 17    XL:     17   Next: 32%
Magic:  17/17      EV: 31    Int: 11    God:    Makhleb [*****.]
Gold:   0          SH:  0    Dex: 17    Spells: 0 memorised, 16 levels left

rFire  . . .     SeeInvis .     c - +∞ Axe of Woe
rCold  . . .     Clarity  .     (armour unavailable)
rNeg   . . .     SustAb   .     (no shield)
rPois  .         Gourm    .     (helmet restricted)
rElec  .         Spirit   .     d - +0 cloak
rCorr  .         Warding  .     (no gloves)
rMut   .         NoTele   +     (no boots)
MR     +....                    (no amulet)
Stlth  ++++++++..               (no ring)
                                (no ring)

@: somewhat resistant to hostile enchantments, extraordinarily stealthy
A: walk through water, unfitting armour, unbreathing, cold-blooded, AC +14
a: Minor Destruction, Lesser Servant of Makhleb, Major Destruction, Greater
Servant of Makhleb, Renounce Religion


You were in the Dungeon.
You worshipped Makhleb.
Makhleb was extremely pleased with you.
You were not hungry.

You visited 1 branch

Inventory:

Hand weapons
 b - a +0 blowgun
 c - the +∞ Axe of Woe (weapon)
   (You found it in the Dungeon)
Missiles
 e - 8 poisoned needles
 f - 2 curare-tipped needles
Armour
 d - a +0 cloak (worn)
Jewellery
 a - a +30 ring of slaying
Scrolls
 m - a scroll of blinking
Potions
 h - a potion of curing
 i - a potion of heal wounds
 j - a potion of haste
 k - 2 potions of magic
 l - a potion of berserk rage
Comestibles
 g - a bread ration


   Skills:
 O Level 27 Fighting
   Level 2.0 Short Blades
 + Level 24.4 Throwing
 + Level 24.4 Dodging
 + Level 26.3 Stealth


You had 16 spell levels left.
You didn't know any spells.

Dungeon Overview and Level Annotations

Branches:
Dungeon (1/1)

Altars:
Makhleb


Innate Abilities, Weirdness & Mutations

You can walk through water.
Your dull iron-grey scales are very hard (AC +14).
Your body does not fit into most forms of armour.
You can survive without breathing.
Your cold-blooded metabolism reacts poorly to cold.


Message History

You feel a little better.
You have mastered Fighting!
You have reached level 17!
You slash the bag of meat!
You cleave the bag of meat in twain.
You kill the bag of meat!
Makhleb accepts your kill.
You feel a little better.
Your Throwing skill increases to level 24!
Your Dodging skill increases to level 24!
Your Stealth skill increases to level 26!
You hear a shout! x5
The meat berserker hits you with a +9 battleaxe!!!!
* * * LOW HITPOINT WARNING * * *
The meat berserker hits you with a +9 battleaxe!!!
* * * LOW HITPOINT WARNING * * *
You hear a shout! x5
The bag of meat hits you with a +9 war axe!!!
* * * LOW HITPOINT WARNING * * *
The meat berserker hits you with a +9 battleaxe!!!!
You die...

.## .........
....#.#...o
.............
...............
...............
...............
.....C.)oO.V..O..
#..o.O@)# #....)).#
.
.###.....)C###....
....o..###.........
........_).........
.....#..)).#.......
. #_.<._#......
#.....#......
....._.........


You could see a destroyer, 2 large bags of meat, 3 meat berserkers and 4 bags of
meat.

Vanquished Creatures
  6 ogres (D)
  10 orcs (D)
16 creatures vanquished.

Notes
Turn   | Place    | Note
--------------------------------------------------------------
     0 | D        | PolkaDot, the Draconian Assassin, began the quest for the Orb.
     0 | D        | Reached XP level 1. HP: 17/17 MP: 1/1
     3 | D        | Noticed a bag of meat
     3 | D        | Noticed a bag of meat
     3 | D        | Noticed a bag of meat
     4 | D        | Noticed a bag of meat
     5 | D        | Killed a bag of meat
     5 | D        | Reached skill level 15 in Fighting
     5 | D        | Reached XP level 2. HP: 20/48 MP: 2/2
     5 | D        | Reached XP level 3. HP: 22/55 MP: 3/3
     5 | D        | Reached XP level 4. HP: 24/62 MP: 4/4
     5 | D        | Reached XP level 5. HP: 26/69 MP: 5/5
     5 | D        | Reached XP level 6. HP: 29/77 MP: 6/6
     5 | D        | Your scales start taking on a dull iron-grey colour.
     5 | D        | Gained mutation: You can survive without breathing. [draconian maturity]
     5 | D        | Reached XP level 7. HP: 31/83 MP: 7/7
     5 | D        | Reached XP level 8. HP: 33/91 MP: 8/8
     5 | D        | Reached XP level 9. HP: 35/97 MP: 9/9
     5 | D        | Reached XP level 10. HP: 37/105 MP: 10/10
     5 | D        | Reached XP level 11. HP: 39/112 MP: 11/11
     6 | D        | Became a worshipper of Makhleb the Destroyer
     7 | D        | Noticed a meat berserker
     7 | D        | Killed a bag of meat
     7 | D        | Reached skill level 17 in Fighting
     7 | D        | Reached XP level 12. HP: 41/125 MP: 12/12
     7 | D        | Killed a meat berserker
     7 | D        | Acquired Makhleb's first power
     7 | D        | Reached skill level 18 in Fighting
     7 | D        | Reached XP level 13. HP: 43/136 MP: 13/13
    10 | D        | Noticed a bag of meat
    10 | D        | Noticed a meat berserker
    11 | D        | Noticed a meat berserker
    12 | D        | Noticed a bag of meat
    13 | D        | Noticed a bag of meat
    14 | D        | Killed a bag of meat
    14 | D        | Reached skill level 19 in Fighting
    15 | D        | Noticed a bag of meat
    15 | D        | Noticed a bag of meat
    15 | D        | Killed a meat berserker
    15 | D        | Acquired Makhleb's second power
    15 | D        | Reached skill level 20 in Fighting
    15 | D        | Reached XP level 14. HP: 83/149 MP: 14/14
    15 | D        | Killed a meat berserker
    15 | D        | Reached skill level 21 in Fighting
    16 | D        | Noticed a bag of meat
    16 | D        | Killed a bag of meat
    16 | D        | Acquired Makhleb's third power
    16 | D        | Reached skill level 22 in Fighting
    16 | D        | Reached XP level 15. HP: 86/160 MP: 15/15
    16 | D        | Killed a bag of meat
    16 | D        | Reached skill level 23 in Fighting
    17 | D        | Noticed a meat berserker
    17 | D        | Noticed a meat berserker
    17 | D        | Noticed a bag of meat
    18 | D        | Noticed a bag of meat
    18 | D        | Noticed a meat berserker
    18 | D        | Killed a bag of meat
    19 | D        | Noticed a bag of meat
    19 | D        | Noticed a large bag of meat
    19 | D        | Killed a meat berserker
    19 | D        | Acquired Makhleb's fourth power
    19 | D        | Reached skill level 24 in Fighting
    19 | D        | Killed a bag of meat
    19 | D        | Reached XP level 16. HP: 174/177 MP: 16/16
    19 | D        | Killed a bag of meat
    19 | D        | Reached skill level 25 in Fighting
    20 | D        | Noticed a large bag of meat
    20 | D        | Noticed a meat berserker
    20 | D        | Noticed a bag of meat
    20 | D        | Noticed a meat berserker
    20 | D        | Killed a meat berserker
    20 | D        | Acquired Makhleb's fifth power
    20 | D        | Reached skill level 26 in Fighting
    20 | D        | Killed a meat berserker
    21 | D        | Killed a bag of meat
    21 | D        | Reached skill level 27 in Fighting
    21 | D        | Reached XP level 17. HP: 189/191 MP: 17/17
    21 | D        | Killed a bag of meat
    21 | D        | Annihilated by a meat berserker

Action                   |  1- 3 |  4- 6 |  7- 9 | 10-12 | 13-15 | 16-18 || total
-------------------------+-------+-------+-------+-------+-------+-------++-------
Melee: Executioner's axe |     1 |       |       |     1 |     5 |     2 ||     9
